 Dungeon Crawl Stone Soup version 0.19-a0-854-gc78d25d (webtiles) character file.

2528 Implojin the Cleaver (level 9, -3/111 HPs)
             Began as a Minotaur Berserker on July 1, 2016.
             Was a Believer of Trog.
             Slain by a two-headed ogre
             ... wielding a +0 giant spiked club
              (9 damage)
             ... on level 8 of the Dungeon.
             The game lasted 00:09:09 (1366 turns).

Implojin the Cleaver (Minotaur Berserker)           Turns: 1366, Time: 00:09:09

Health: -3/111     AC:  6    Str: 26    XL:     9   Next: 29%
Magic:  8/8        EV: 12    Int:  4    God:    Trog [**....]
Gold:   58         SH:  0    Dex: 14    Spells: 0 memorised, 8 levels left

rFire  . . .     SeeInvis .     o - +0 war axe
rCold  . . .     Gourm    .     r - +2 leather armour {rPois}
rNeg   . . .     Faith    .     (no shield)
rPois  +         Spirit   .     (helmet restricted)
rElec  .         Dismiss  .     (no cloak)
rCorr  .         Reflect  .     e - +0 pair of gloves
SustAt .         Harm     .     (no boots)
MR     .....                    (no amulet)
Stlth  ..........               (no ring)
                                (no ring)

@: berserking, very quick, not resistant to hostile enchantments, extremely
unstealthy
A: retaliatory headbutt, horns 2
a: Berserk, Trog's Hand, Burn Spellbooks, Renounce Religion


You were on level 8 of the Dungeon.
You worshipped Trog.
Trog was pleased with you.
You were not hungry.

You visited 1 branch of the dungeon, and saw 9 of its levels.

You collected 58 gold pieces.

Inventory:

Hand Weapons
 o - a +0 war axe (weapon)
Armour
 b - a +0 animal skin
 e - a +0 pair of gloves (worn)
 j - a +0 scale mail
 m - a +0 chain mail
 n - a +0 ring mail
 r - a +2 leather armour of poison resistance (worn)
Wands
 g - a wand of lightning (9/15)
 q - a wand of lightning (4/15)
Scrolls
 a - a scroll of teleportation {unknown}
 f - a scroll of enchant armour
 h - a scroll of remove curse
Potions
 l - a potion of lignification
 t - a potion of mutation {unknown}
Comestibles
 c - 2 bread rations
 d - 2 royal jellies
 k - 2 meat rations
 p - 6 chunks of flesh


   Skills:
 * Level 5.0 Fighting
 - Level 14.3 Axes
 - Level 2.4 Armour
 - Level 2.1 Dodging


You had 8 spell levels left.
You didn't know any spells.

Dungeon Overview and Level Annotations

Branches:
Dungeon (9/15)
 Temple: D:4-7         Lair: D:8-11         Orc: D:9-12

Altars:
Elyvilon
Fedhas
Qazlal
Ru
Vehumet

Shops:
D:6 [

Annotations:
D:8 exclusion: statue, Prince Ribbit


Innate Abilities, Weirdness & Mutations

You reflexively headbutt those who attack you in melee.
You have a pair of horns on your head.


Message History

You butcher the gnoll corpse.
p - 7 chunks of flesh (gained 3) Unknown command.
Eat one of 7 chunks of flesh? (ye/n/q/i?)
You start eating one of the 7 chunks of flesh.
You continue eating. x2
You finish eating.
This raw flesh tastes terrible.
i - a book of the Dragon
Found a stone staircase leading up.
Drop what? 20/52 slots (_ for help) (? for menu, Esc to quit)
You drop a book of the Dragon.
You drop a book of the Sky.
The spellbooks burst into flames.
Trog is delighted!
There is a stone staircase leading up here.
You climb upwards.
Level annotation: exclusion: statue Prince Ribbit croaks.
A worker ant and a two-headed ogre come into view.
Prince Ribbit closely misses you. Prince Ribbit hits you.
* * * LOW HITPOINT WARNING * * *
Found 8 gold pieces and a smoky cyan potion.
There is a stone staircase leading down here.
Unknown command.
Unknown command.
Unknown command.
A red film seems to cover your vision as you go berserk!
You feel yourself moving faster!
You feel mighty!
You feel somewhat more hungry. Prince Ribbit hits you!
* * * LOW HITPOINT WARNING * * *
The worker ant bites you.
* * * LOW HITPOINT WARNING * * *
Unknown command.
You slash the worker ant!
The worker ant is heavily wounded.
You slash the two-headed ogre! You barely miss Prince Ribbit.
Prince Ribbit hits you but does no damage.
The worker ant barely misses you. You furiously retaliate!
You headbutt the worker ant.
The two-headed ogre hits you with a giant spiked club!
You die...

#############
#............
#............
#.$.O@F......
#.....a......
#............
#Z....!......
......≈≈≈.....
........≈≈≈≈≈..
......###≈≈#≈......#
......#§§≈≈+.......#
.....§≈≈⌠>≈#.......#....


You could see Prince Ribbit, a two-headed ogre, a worker ant and a howler monkey
skeleton.

Vanquished Creatures
  The ghost of Laraso the Grappler, a novice TrMo of Ru (D:7)
  Joseph (D:8)
  5 yaks (D:9)
  A hippogriff (D:9)
  An orc warrior (D:7)
  A necrophage (D:8)
  An ice beast (D:7)
  2 scorpions
  2 howler monkeys
  A hound (D:7)
  A giant frog skeleton (D:8)
  4 orc priests
  An orc wizard (D:6)
  The ghost of Implojin the Chopper, a weakling MiBe of Trog (D:4)
  3 gnolls (D:9)
  An adder (D:3)
  A shadow imp (D:5)
  A worm (D:2)
  A dart slug (D:2)
  2 giant geckos
  8 orcs
  A giant cockroach (D:8)
  A goblin (D:1)
  A hobgoblin (D:1)
  A quokka (D:8)
  A bat (D:1)
45 creatures vanquished.

Notes
Turn   | Place    | Note
-------+----------+-------------------------------------------
     0 | D:1      | Implojin the Minotaur Berserker began the quest for the Orb.
     0 | D:1      | Reached XP level 1. HP: 19/19 MP: 0/0
    89 | D:1      | Reached skill level 4 in Axes
   106 | D:2      | Reached XP level 2. HP: 26/26 MP: 1/1
   167 | D:3      | Found a sacrificial altar of Ru.
   214 | D:4      | Noticed a howler monkey
   222 | D:4      | Killed a howler monkey
   222 | D:4      | Reached skill level 5 in Axes
   222 | D:4      | Reached XP level 3. HP: 19/31 MP: 2/2
   242 | D:4      | Noticed Implojin's ghost (weakling MiBe)
   262 | D:4      | Killed Implojin's ghost
   262 | D:4      | Reached skill level 6 in Axes
   262 | D:4      | Reached XP level 4. HP: 10/39 MP: 3/3
   313 | D:5      | Entered Level 5 of the Dungeon
   335 | D:5      | Found a white marble altar of Elyvilon.
   433 | D:6      | Found Niwon's Armour Shoppe.
   474 | D:6      | Reached skill level 7 in Axes
   474 | D:6      | Reached XP level 5. HP: 20/45 MP: 4/4
   546 | D:7      | Found a blossoming altar of Fedhas.
   548 | D:7      | Noticed Laraso's ghost (novice TrMo)
   570 | D:7      | Killed Laraso's ghost
   570 | D:7      | Reached skill level 10 in Axes
   570 | D:7      | Reached XP level 6. HP: 22/51 MP: 5/5
   570 | D:7      | Reached XP level 7. HP: 25/57 MP: 6/6
   613 | D:7      | Reached skill level 11 in Axes
   757 | D:7      | Reached XP level 8. HP: 64/64 MP: 7/7
   903 | D:8      | Noticed Joseph
   919 | D:8      | Killed Joseph
   919 | D:8      | Reached skill level 12 in Axes
   962 | D:8      | Found a radiant altar of Vehumet.
  1007 | D:8      | Reached ** piety under Trog
  1056 | D:8      | Reached skill level 13 in Axes
  1088 | D:8      | Found a stormy altar of Qazlal.
  1136 | D:9      | Reached XP level 9. HP: 16/70 MP: 8/8
  1136 | D:9      | Reached skill level 14 in Axes
  1137 | D:9      | HP: 3/105 [yak (14)]
  1138 | D:9      | HP: 1/105 [yak (2)]
  1276 | D:9      | Reached skill level 4 in Fighting
  1332 | D:9      | Reached skill level 5 in Fighting
  1364 | D:8      | Noticed Prince Ribbit
  1366 | D:8      | Slain by a two-headed ogre

Vault maps used:
D:1:      dpeg_arrival_signposts
D:2:      first_bread, nrook_loot_triangle, uniq_robin
D:3:      nicolae_ru_awakened_eye
D:4:      grunt_temple_overflow_open, uniq_natasha
D:5:      elyvilon_altar_4, lemuel_coloured_pillars_altar, serial_shops,
          nicolae_shop_temple_entry_statues_fountains, fountainhead,
          patterned_corridor
D:6:      xom_redecorated, serial_shops, shop, nemelex_spade_bored_becter
D:7:      fedhas_altar_2
D:8:      nicolae_qazlal_general_emergency, yredelemnul_altar_generic,
          vehumet_statue, lemuel_crystal_altar, uniq_prince_ribbit1, uniq_joseph
D:9:      makhleb_altar_promises_db, grunt_livestock, lemuel_angel_altar

Skill      XL: |  1  2  3  4  5  6  7  8  9 |
---------------+----------------------------+-----
Axes           | 4 5 6 7 10 11 13 14 | 14.3
Fighting       | 5 |  5.0
Armour         | |  2.4
Dodging        | |  2.1

Action                   |  1- 3 |  4- 6 |  7- 9 || total
-------------------------+-------+-------+-------++-------
Melee: Hand axe          |    28 |    23 |    17 ||    68
       Headbutt          |     5 |     4 |    23 ||    32
       War axe           |       |       |    65 ||    65
Invok: Berserk           |     2 |     3 |     8 ||    13
       Burn Spellbooks   |       |       |     1 ||     1
       Trog's Hand       |       |       |     1 ||     1
  Use: Scroll            |       |       |     4 ||     4
  Eat: Bread ration      |       |     1 |       ||     1
       Chunk             |       |       |    10 ||    10
Armor: Animal skin       |     2 |       |       ||     2
       Scale mail        |       |     3 |     6 ||     9
       Leather armour    |       |       |    12 ||    12
Dodge: Dodged            |    20 |    14 |    40 ||    74

Table legend:
 A = Turns spent in this place as a percentage of turns spent in the entire game.
 B = Non-inter-level travel turns spent in this place as a percentage of non-inter-level travel turns spent in the entire game.
 C = Inter-level travel turns spent in this place as a percentage of turns spent in this place.
 D = Turns resting spent in this place as a percentage of non-inter-level travel turns spent in this place.
 E = Turns spent auto-exploring this place as a percentage of non-inter-level travel turns spent in this place.
 F = Non-inter-level travel turns spent in this place divided by the number of levels of this place that you've seen.
                   A       B       C       D       E      F
               +-------+-------+-------+-------+-------+----------------------
         Total | 100.0 | 100.0 |   0.0 |   1.6 |   0.0 | 142.7
       Dungeon | 100.0 | 100.0 |   0.0 |   1.6 |   0.0 | 142.7
               +-------+-------+-------+-------+-------+----------------------

Table legend:
 A = Kills in this place as a percentage of kills in entire the game.
 B = Kills by you in this place as a percentage of kills by you in the entire game.
 C = Kills by friends in this place as a percentage of kills by friends in the entire game.
 D = Other kills in this place as a percentage of other kills in the entire game.
 E = Experience gained in this place as a percentage of experience gained in the entire game.
 F = Experience gained in this place divided by the number of levels of this place that you have seen.
                   A       B       C       D       E      F
               +-------+-------+-------+-------+-------+----------------------
         Total | 100.0 | 100.0 |  -nan |  -nan | 100.0 | 401.3
       Dungeon | 100.0 | 100.0 |  -nan |  -nan | 100.0 | 401.3
               +-------+-------+-------+-------+-------+----------------------
